 Dungeon Crawl Stone Soup version 0.26-a0-651-gb41185065b (webtiles) character file.

Game seed: 6040035660789980488

9 strifetoe the Sneak (level 2, -1/26 HPs)
             Began as a Ghoul Delver on Sept 28, 2020.
             Slain by a worker ant (6 damage)
             ... on level 5 of the Dungeon.
             The game lasted 00:00:14 (40 turns).

strifetoe the Sneak (Ghoul Delver)                    Turns: 40, Time: 00:00:15

Health: -1/26      AC:  3    Str: 15    XL:     2   Next: 12%
Magic:  1/1        EV: 11    Int:  5    God:
Gold:   13         SH:  0    Dex: 10    Spells: 1/1 levels left

rFire    . . .     SeeInvis .     - Unarmed
rCold    + . .     Faith    .   (no shield)
rNeg     + + +     Spirit   .   a - +0 leather armour
rPois    ∞         Reflect  .   (no helmet)
rElec    .         Harm     .   (no cloak)
rCorr    .         Rampage  .   (no gloves)
MR       .....                  (no boots)
Stlth    +++.......             (no amulet)
HPRegen  0.00/turn              (no ring)
MPRegen  0.07/turn              (no ring)

@: no status effects
A: rotting body, claws 1, cold resistance 1, negative energy resistance 3,
inhibited regeneration, torment resistance, unbreathing
a: no special abilities


You were on level 5 of the Dungeon.
You visited 1 branch of the dungeon, and saw 1 of its levels.

You collected 13 gold pieces.

Inventory:

Armour
 a - a +0 leather armour (worn)
Jewellery
 g - a cursed amulet of inaccuracy {unknown}
Wands
 f - a wand of digging (3)
Scrolls
 b - a scroll of fog
 c - a scroll of magic mapping
 d - a scroll of fear
Potions
 e - a potion of haste


   Skills:
 - Level 3.2 Fighting
 + Level 0.7 Armour
 - Level 1.7 Dodging
 - Level 5.4 Stealth
 + Level 2.8 Unarmed Combat


You had one spell level left.
You didn't know any spells.
Your spell library was empty.

Dungeon Overview and Level Annotations

Branches:
Dungeon (5/15)
 Temple: D:4-7

Altars:


Innate Abilities, Weirdness & Mutations

Your body is rotting away.
You thrive by killing the living.
You are immune to poison.
You have sharp fingernails.
Your flesh is cold resistant. (rC+)
You are immune to negative energy. (rN+++)
You do not regenerate when monsters are visible.
You are immune to unholy pain and torment.
You can survive without breathing.


Message History

The worker ant is moderately wounded.
The worker ant closely misses you.
You closely miss the worker ant.
The worker ant is moderately wounded.
The worker ant bites you but does no damage.
You scratch the worker ant.
The worker ant is moderately wounded.
The worker ant closely misses you.
You barely miss the worker ant.
The worker ant is moderately wounded.
The worker ant bites you!
* * * LOW HITPOINT WARNING * * *
You scratch the worker ant.
The worker ant is moderately wounded.
The worker ant bites you but does no damage.
The worker ant barely misses you.
You closely miss the worker ant.
The worker ant is moderately wounded.
The worker ant bites you.
You die...

. #.# #.
##.########
###.##..........
#...............
#...............
...............
#..#.a.........
#..#†.@........
#..............
#.#............
#.#............
#.#...........)
#..............
#..............
##.....####.##.
#.....#


You could see a worker ant.

Vanquished Creatures
  An adder (D:5)
1 creature vanquished.

Notes
Turn   | Place    | Note
-------+----------+-------------------------------------------
     0 | D:5      | strifetoe the Ghoul Delver began the quest for the Orb.
     0 | D:5      | Reached XP level 1. HP: 19/19 MP: 0/0
    29 | D:5      | Reached XP level 2. HP: 12/26 MP: 1/1
    40 | D:5      | Slain by a worker ant

Illustrated notes

Levels and vault maps discovered:
D:5:      layout_basic, kennysheep_mini_moat, portal_sewer_entry_b

Action                   || total
-------------------------++-------
Melee: Unarmed           ||    19
Armor: Leather armour    ||     5
Dodge: Dodged            ||    10

Table legend: (Time is in decaauts)
 A = Elapsed time spent in this place.
 B = Non-inter-level travel time spent in this place.
 C = Inter-level travel time spent in this place.
 D = Time resting spent in this place.
 E = Time spent auto-exploring this place.
 F = Levels seen in this place.
 G = Mean time per level.
                   A        B        C        D        E       F      G
               +--------+--------+--------+--------+--------+-----+--------+
         Total |     39 |     39 |      0 |      0 |      5 |   1 |   39.0 |
       Dungeon |     39 |     39 |      0 |      0 |      5 |   1 |   39.0 |
               +--------+--------+--------+--------+--------+-----+--------+

Top non-repeatable levels by time:
     D:5: 39 daAuts
